 Dungeon Crawl Stone Soup version 0.28-a0-973-ga7f8b01127 (webtiles) character file.

Game seed: 87231945040397622

532874 siradein the Victor of a Thousand Battles (level 24, -3/199 HPs)
             Began as a Demonspawn Fighter on Nov 29, 2021.
             Was the Champion of Okawaru.
             Slain by a green draconian monk (12 damage)
             ... on level 1 of the Realm of Zot on Dec 1, 2021.
             The game lasted 05:52:42 (80672 turns).

siradein the Victor of a Thousand Battles (DsFi)   Turns: 80672, Time: 05:52:43

Health: -3/199     AC: 27    Str: 28    XL:     24   Next: 48%
Magic:  38/38      EV: 19    Int: 16    God:    Okawaru [******]
Gold:   2959       SH: 21    Dex: 22    Spells: 34/37 levels left

rFire   + + +      SeeInvis +   n - +9 demon blade (vamp)
rCold   + . .      Faith    +   v - +5 kite shield of the Special Dances {rF++ Int+3}
rNeg    + + .      Spirit   .   E - +6 chain mail of Fanaticism {Slay+2 SInv}
rPois   .          Reflect  .   (helmet unavailable)
rElec   +          Harm     .   H - +0 cloak of Inaction {rN+ Int+3 Slay+2}
rCorr   .          Rampage  +   b - +0 pair of fencer's gloves {Riposte Dex+3}
Will    ++...                   o - +2 pair of boots {rampage}
Stlth   ..........              G - amulet of faith
HPRegen 0.43/turn               j - ring "Ituchounyi" {rC+ EV+4}
MPRegen 0.26/turn               s - ring of Ecwahid {rF+ rN+ Will+ Str+5}

@: lethally poisoned (-3 -> -81), corroded, studying 3 skills
A: horns 3, thin metallic scales 3, ignite blood 3, spiny 3, augmentation 2,
hooves 1, agile 1
}: 3/15 runes: serpentine, barnacled, silver
a: Renounce Religion, Heroism, Finesse, Duel


You were on level 1 of the Realm of Zot.
You worshipped Okawaru.
Okawaru was exalted by your worship.
You visited 10 branches of the dungeon, and saw 45 of its levels.
You visited the Abyss 1 time.
You also visited: Sewer, Ossuary, Ice Cave and Desolation.

You collected 7507 gold pieces.
You spent 4548 gold pieces at shops.

Inventory:

Hand Weapons
 i - the +7 hand crossbow "Nizxoscho" {elec, rF+ rCorr Dex+4 Stlth-}
   (Okawaru gifted it to you on level 1 of the Depths)

   Any ammunition fired from it occasionally discharges a powerful burst of
   electricity upon striking a foe.
   Dex:       It affects your dexterity (+4).
   rF:        It protects you from fire.
   rCorr:     It protects you from acid and corrosion.
   Stlth:     It makes you less stealthy.
 n - a +9 vampiric demon blade (weapon)
 u - the +12 hand crossbow "Dymaanen" {vorpal, rF+ Str-2 SInv Stlth+}
   (Okawaru gifted it to you on level 2 of the Elven Halls)

   Any ammunition fired from it inflicts extra damage upon your enemies.
   Str:       It affects your strength (-2).
   rF:        It protects you from fire.
   SInv:      It lets you see invisible.
   Stlth:     It makes you more stealthy.
 w - the +12 hand crossbow of the Slashing Madman {venom, rF+ Int+6}
   (You bought it in a shop on level 2 of the Snake Pit)

   Any ammunition fired from it poisons the flesh of those it strikes.
   Int:       It affects your intelligence (+6).
   rF:        It protects you from fire.
 O - the +6 scimitar of Okawaru's Pride {flame, Stlth+}
   (Okawaru gifted it to you on level 3 of the Lair of Beasts)

   It burns those it strikes, dealing additional fire damage.
   Big, fiery blades are also staple armaments of hydra-hunters.
   Stlth:     It makes you more stealthy.
 S - a +9 double sword of freezing
Missiles
 I - 1830 bolts
Armour
 b - the +0 pair of fencer's gloves (worn) {Riposte Dex+3}
   (Okawaru gifted it to you on level 5 of the Vaults)

   It allows the wearer to riposte with melee weapons, swiftly retaliating
   against missed attacks.
   Dex:       It affects your dexterity (+3).
 o - a +2 pair of boots of rampaging (worn)
 v - the +5 kite shield of the Special Dances (worn) {rF++ Int+3}
   (You bought it in a shop on level 2 of the Vaults)

   Int:       It affects your intelligence (+3).
   rF:        It greatly protects you from fire.
 E - the +6 chain mail of Fanaticism (worn) {Slay+2 SInv}
   (Okawaru gifted it to you on level 1 of the Snake Pit)

   Slay:      It affects your accuracy & damage with ranged weapons and melee
   (+2).
   SInv:      It lets you see invisible.
 H - the +0 cloak of Inaction (worn) {rN+ Int+3 Slay+2}
   (You found it on level 9 of the Dungeon)

   Int:       It affects your intelligence (+3).
   Slay:      It affects your accuracy & damage with ranged weapons and melee
   (+2).
   rN:        It protects you from negative energy.
 Z - a +1 buckler of cold resistance
Jewellery
 e - the ring "Etsoerpha" {Fire MP+9 Str+4}
   (You found it in the Desolation of Salt)

   [ring of fire]

   It enhances your fire magic.
   Str:       It affects your strength (+4).
   rF:        It protects you from fire.
   rC:        It makes you vulnerable to cold.
   MP:        It affects your magic capacity (+9).
 j - the ring "Ituchounyi" (left hand) {rC+ EV+4}
   (You bought it in a shop on level 1 of the Depths)

   [ring of evasion]

   EV:        It affects your evasion (+4).
   rC:        It protects you from cold.
 s - the ring of Ecwahid (right hand) {rF+ rN+ Will+ Str+5}
   (You found it on level 4 of the Vaults)

   [ring of willpower]

   Str:       It affects your strength (+5).
   rF:        It protects you from fire.
   rN:        It protects you from negative energy.
   Will:      It increases your willpower.
 t - the ring of Vodka {rN+ Will+ MP+9 Stlth+}
   (You found it in the Desolation of Salt)

   [ring of magical power]

   rN:        It protects you from negative energy.
   MP:        It affects your magic capacity (+9).
   Will:      It increases your willpower.
   Stlth:     It makes you more stealthy.
 G - an amulet of faith (around neck)
 Q - a ring of protection from fire
 T - the ring "Fupoubap" {Fly Int+3 Dex+6}
   (You found it in the Desolation of Salt)

   [ring of dexterity]

   Int:       It affects your intelligence (+3).
   Dex:       It affects your dexterity (+6).
   Fly:       It grants you flight.
 W - an amulet of regeneration
Wands
 c - a wand of iceblast (24)
 g - a wand of digging (22)
 l - a wand of mindburst (26)
 y - a wand of flame (85)
 B - a wand of paralysis (44)
 C - a wand of acid (26)
 P - a wand of polymorph (38)
Scrolls
 f - 29 scrolls of teleportation
 h - 10 scrolls of amnesia
 k - 6 scrolls of identify
 m - 5 scrolls of silence
 p - 12 scrolls of fear
 D - 13 scrolls of immolation
 M - 6 scrolls of blinking
 N - 5 scrolls of fog
 R - 5 scrolls of magic mapping
Potions
 a - 13 potions of might
 d - 7 potions of brilliance
 q - 2 potions of haste
 r - 4 potions of invisibility
 x - 6 potions of magic
 z - 4 potions of cancellation
 A - a potion of mutation
 F - 19 potions of curing
 J - a potion of berserk rage
 K - 4 potions of ambrosia
 U - 6 potions of resistance
 V - a potion of heal wounds
Miscellaneous
 L - a tin of tremorstones (2/2)
 X - a lightning rod (4/4)
 Y - a condenser vane


   Skills:
 + Level 18.5 Fighting
 - Level 14.0 Long Blades
 - Level 10.0 Crossbows
 + Level 17.5 Armour
 + Level 7.9 Dodging
 + Level 17.1 Shields
 + Level 7.3 Spellcasting
 + Level 7.2 Translocations
 + Level 7.7 Transmutations
 + Level 23.7 Invocations
 + Level 16.4 Evocations


You had 34 spell levels left.
You knew the following spells:

 Your Spells              Type           Power      Damage    Failure   Level
a - Apportation           Tloc           58%        N/A       1%          1
b - Wereblood             Tmut           30%        N/A       2%          2

Your spell library contained the following spells:

 Spells                   Type           Power      Damage    Failure   Level
 Beastly Appendage        Tmut           60%        N/A       1%          1
 Blink                    Tloc           58%        N/A       2%          2
 Gell's Gravitas          Tloc           29%        N/A       5%          3
 Lesser Beckoning         Tloc           29%        N/A       5%          3
 Teleport Other           Tloc           29%        N/A       5%          3
 Passwall                 Tmut/Erth      15%        N/A       12%         2
 Spider Form              Tmut/Pois      18%        N/A       22%         3
 Portal Projectile        Hex/Tloc       34%        N/A       26%         3
 Freeze                   Ice            20%        1d4       36%         1
 Magic Dart               Conj           20%        1d4       36%         1
 Pain                     Necr           20%        1d5       36%         1
 Sandblast                Erth           10%        2d5       36%         1
 Shock                    Conj/Air       20%        1d4       36%         1
 Slow                     Hex            20%        N/A       36%         1
 Ignite Poison            Fire/Tmut/Pois 14%        N/A       36%         3
 Manifold Assault         Tloc           29%        N/A       45%         5
 Poisonous Vapours        Pois/Air       10%        N/A       50%         2
 Static Discharge         Conj/Air       5%         N/A       50%         2
 Sublimation of Blood     Necr           5%         N/A       50%         2
 Petrify                  Tmut/Erth      18%        N/A       58%         4
 Dazzling Flash           Conj/Hex       10%        N/A       75%         3
 Frozen Ramparts          Ice            10%        1d3       75%         3
 Inner Flame              Hex/Fire       5%         N/A       75%         3
 Mephitic Cloud           Conj/Pois/Air  5%         N/A       75%         3
 Stone Arrow              Conj/Erth      10%        3d7       75%         3
 Swiftness                Air            5%         N/A       75%         3
 Alistair's Intoxication  Tmut/Pois      12%        N/A       91%         5
 Irradiate                Conj/Tmut      9%         3d16      91%         5
 Yara's Violent Unravell  Hex/Tmut       9%         3d6       91%         5
 Cause Fear               Hex            2%         N/A       98%         4
 Dispel Undead            Necr           5%         3d7       98%         4
 Hailstorm                Conj/Ice       5%         3d4       98%         4
 Leda's Liquefaction      Hex/Erth       2%         N/A       98%         4
 Olgreb's Toxic Radiance  Pois           5%         N/A       98%         4
 Sticky Flame             Conj/Fire      5%         2d3       98%         4
 Agony                    Necr           5%         N/A       100%        5
 Borgnjor's Vile Clutch   Necr/Erth      2%         N/A       100%        5
 Excruciating Wounds      Necr           2%         N/A       100%        5
 Freezing Cloud           Conj/Ice/Air   2%         6-21      100%        5
 Iskenderun's Battlesphe  Conj           5%         2d6       100%        5
 Lee's Rapid Deconstruct  Erth           2%         3d6*      100%        5
 Lightning Bolt           Conj/Air       2%         1d14      100%        5
 Silence                  Hex/Air        2%         N/A       100%        5
 Conjure Ball Lightning   Conj/Air       2%         3x3d6     100%        6
 Eringya's Noxious Bog    Tmut/Pois      9%         N/A       100%        6
 Iron Shot                Conj/Erth      2%         9d2       100%        6
 Statue Form              Tmut/Erth      12%        N/A       100%        6
 Ozocubu's Refrigeration  Ice            2%         4d5       100%        7
 Storm Form               Tmut/Air       9%         N/A       100%        7
 Discord                  Hex            2%         N/A       100%        8
 Ignition                 Fire           2%         3d3       100%        8
 Lehudib's Crystal Spear  Conj/Erth      2%         10d2      100%        8
 Maxwell's Capacitive Co  Air            2%         ∞         100%        8
 Necromutation            Tmut/Necr      9%         N/A       100%        8
 Animate Skeleton         Necr           Unusable   N/A       N/A         1
 Summon Small Mammal      Summ           Unusable   N/A       N/A         1
 Call Imp                 Summ           Unusable   N/A       N/A         2
 Summon Forest            Summ/Tloc      Unusable   N/A       N/A         5
 Animate Armour           Summ/Erth      Unusable   N/A       N/A         4
 Animate Dead             Necr           Unusable   N/A       N/A         4
 Death Channel            Necr           Unusable   N/A       N/A         6
 Haunt                    Necr/Summ      Unusable   N/A       N/A         7
 Spellforged Servitor     Conj/Summ      Unusable   N/A       N/A         7
 Summon Hydra             Summ           Unusable   N/A       N/A         7

Dungeon Overview and Level Annotations

Branches:
Dungeon (15/15)            Temple (1/1) D:4            Lair (6/6) D:11
 Shoals (4/4) Lair:4        Snake (4/4) Lair:4        Slime (0/5) Lair:5
    Orc (2/2) D:11            Elf (3/3) Orc:2        Vaults (5/5) D:14
  Crypt (0/3) Vaults:2     Depths (4/4) D:15            Zot (1/5) Depths:4
  Sewer (visited)         Ossuary (visited)           IceCv (visited)
Desolation (visited)

Altars:
Fedhas
Hepliaklqana
Kikubaaqudgha
Makhleb
Okawaru
Vehumet
The Shining One
Beogh

Shops:
D:4 [   D:8 (   D:12 *   Orc:2 [[*(   Elf:1 [   Elf:2 :   Snake:1 :
Snake:2 **((   Vaults:2 [   Vaults:4 ?   Depths:1 =   Depths:2 ==:

Portals:
Hell: Depths:1 Depths:2 Depths:3 Depths:4
Abyss: Depths:2 Depths:3
Pandemonium: Depths:2 Depths:3
Ziggurat: Depths:2

Annotations:
Elf:1 3 runed translucent doors, Foybonoth's ghost, adept MiFi; Okuid's ghost, adept DsGl; mandarbmax's ghost, adept DsGl; rrossfarrar's ghost, adept FeBe


Innate Abilities, Weirdness & Mutations

You have a pair of large horns on your head.
You are completely covered in thin metallic scales. (AC +4, rElec)
Your demonic aura causes all spilled blood to erupt in flames.
You are completely covered in sharp spines.
Your magical and physical power is enhanced at high health.
You have large cloven feet.
You are agile. (Dex +2)


Message History

The yellow draconian looks even sicker.
The yellow draconian misses you. The green draconian monk hits you!!
* * * LOW HITPOINT WARNING * * *
The green draconian monk kicks you.
* * * LOW HITPOINT WARNING * * *
The green draconian monk tail-slaps you!
* * * LOW HITPOINT WARNING * * *
The green draconian monk tail-slaps you!
* * * LOW HITPOINT WARNING * * *
You are more poisoned.
The green draconian monk poisons you!
You feel much better.
You are engulfed in poison gas.
You are more poisoned.
* * * LOW HITPOINT WARNING * * *
x2 You feel extremely sick.
The black draconian is engulfed in blazing flames.
The black draconian barely misses you.
The moth of wrath is engulfed in poison gas.
The moth of wrath looks as sick as possible!
The black draconian hits you but does no damage.
The black draconian is engulfed in blazing flames.
You block the green draconian monk's attack. x2
The green draconian monk tail-slaps you.
* * * LOW HITPOINT WARNING * * *
You block the green draconian monk's attack.
The black draconian is engulfed in blazing flames.
The black draconian misses you.
The yellow draconian is engulfed in poison gas.
The yellow draconian looks as sick as possible!
The yellow draconian misses you.
The moth of wrath is engulfed in blazing flames.
You kill the moth of wrath!
Okawaru accepts your kill.
You feel much better.
You are engulfed in poison gas.
You are more poisoned.
* * * LOW HITPOINT WARNING * * *
x2 You feel extremely sick.
You block the green draconian monk's attack.
The green draconian monk kicks you!
You die...

******** ### *,,,,,,####
##########.. ****d,,,,,#..#
#....>...#.. *,**.d,,,,#..#
#.######.#.§
*,,+...,,,#○°####.######.'.≈
*,**q.d§,,#.°○...........#.≈
*,**...d.,#@d####.########.≈
******,**......#dq# #.# #.§
,,,,,>,**......d°°# #.# #..
*********.....q##+#**#.# #..
,,,,,* *##(...,,,,,,#.# ###
,,,,,* #...,,,,,,,#.#**
≈≈,,,* #...,,,,,,,#..,*
≈≈,,,* #..,,,,,,,,***,*
*≈,,,* #..,,,,,,,,*
*,*#######


You could see a green draconian monk (berserk), 2 draconians, a yellow draconian
(extremely poisoned) and a purple draconian shifter.

Vanquished Creatures
  A dread lich (Vaults:4)
  Mara (Shoals:3)
  A juggernaut (Depths:2)
  Boris (twice) (Vaults:2 Vaults:3)
  Vashnia (Snake:3)
  the Enchantress (Depths:2)
  The ghost of frimble the Grappler, an adept TrWr of Cheibriados (Depths:3)
  A bone dragon (Depths:4)
  7 tentacled monstrosities
  Mlioglotl (Shoals:3)
  Jorgrun (Snake:1)
  2 liches
  A walking crystal tome (Depths:2)
  A walking divine tome (Depths:3)
  2 deep elf blademasters
  Asterion (Arena)
  A quicksilver dragon (Vaults:5)
  2 deep elf master archers
  2 acid blobs (Depths:4)
  2 titans (Vaults:5)
  Frances (Shoals:1)
  5 shadow dragons
  2 sphinxes
  6 storm dragons
  6 tengu reavers
  Roxanne (Shoals:2)
  2 draconian monks
  4 azure jellies (Depths:4)
  10 nagarajas
  A fenstrider witch (shapeshifter) (Vaults:5)
  2 balrugs
  6 rockslimes (Depths:4)
  18 vault wardens
  Aizul (Snake:4)
  3 draconian scorchers
  7 fire giants
  An iron dragon (Vaults:5)
  An orc warlord (Vaults:1)
  7 deep elf sorcerers
  16 frost giants
  4 deep elf elementalists
  3 imperial myrmidons (Desolation)
  A juggernaut zombie (Depths:1)
  13 ironbound preservers
  A reaper (Depths:1)
  4 war gargoyles
  4 spriggan defenders
  12 very ugly things
  2 draconian annihilators
  The ghost of Toseom the Eclecticist, a journeyman DjCj of Makhleb (Lair:6)
  10 stone giants
  A green draconian (Depths:4)
  4 vampire knights
  The ghost of Plazmod the Devastator, a journeyman DECj of Vehumet (Lair:5)
  2 red draconians (Depths:4)
  3 white draconians
  A black draconian (Depths:4)
  5 deep elf demonologists
  2 yellow draconians (Depths:4)
  4 dire elephants
  4 deep elf death magi
  6 spark wasps
  7 deep elf annihilators
  5 merfolk javelineers
  A purple draconian (Depths:4)
  4 crystal guardians
  11 ettins
  10 merfolk impalers
  13 ragged hierophants (Desolation)
  7 fire dragons
  8 great orbs of eyes
  A great orb of eyes (shapeshifter) (Vaults:5)
  2 rakshasas (Depths:2)
  34 vault guards
  7 deep elf high priests
  6 ironbound thunderhulks
  14 yaktaur captains
  11 ice dragons
  Harold (Orc:1)
  8 servants of whispers (Desolation)
  6 hydras
  12 naga warriors
  5 ogre magi
  17 peacekeepers
  3 spriggan air magi
  3 boulder beetles
  2 quicksilver dragon skeletons
  2 merfolk avatars
  10 centaur warriors
  4 alligator snapping turtles
  9 anacondas
  22 dancing weapons
  17 ironbound frosthearts
  13 two-headed ogres
  4 death yaks (Lair:5)
  7 tengu warriors
  3 merfolk aquamancers
  A vampire mage (Depths:2)
  5 satyrs
  6 deep troll shamans
  3 titan zombies
  23 naga sharpshooters
  3 spriggan berserkers
  3 orc high priests
  6 deep troll earth magi
  A soul eater (Depths:2)
  18 deep elf knights
  A storm dragon zombie (Depths:3)
  9 shock serpents
  7 hell knights
  6 salamander mystics
  A shadow wraith (Vaults:5)
  A spark wasp zombie (Depths:1)
  2 iron trolls
  19 sea snakes
  9 naga ritualists
  A tengu zombie (Vaults:4)
  A goliath frog (Lair:6)
  38 ironbound convokers
  40 deep trolls
  4 glowing orange brains
  17 deep elf archers
  2 orange crystal statues
  Pikel (D:8)
  8 lindwurms
  11 wizards
  11 harpies
  37 deep elf pyromancers
  5 phantasmal warriors
  8 orc knights
  14 necromancers
  13 mana vipers
  29 deep elf zephyrmancers
  19 fauns
  A stone giant zombie (Depths:1)
  14 manticores
  3 orc sorcerers
  47 ugly things
  A wolf spider (Vaults:5)
  A cyclops (shapeshifter) (Vaults:5)
  13 salamanders
  A sphinx skeleton (Depths:3)
  4 cyclopes
  5 moths of wrath
  23 vault sentinels
  6 elephants (Lair:4)
  2 gargoyles (D:12)
  4 guardian serpents
  A molten gargoyle (Desolation)
  38 black mambas
  7 merfolk sirens
  18 naga magi
  A smoke demon (Depths:2)
  10 water nymphs
  21 cane toads
  2 orange demons (Depths:2)
  A human zombie (Vaults:3)
  2 unseen horrors (shapeshifter)
  2 torpor snails
  4 efreet
  13 komodo dragons
  An unseen horror (D:11)
  3 tengu conjurers
  A human skeleton (Vaults:5)
  A komodo dragon (shapeshifter) (D:13)
  12 rime drakes
  A freezing wraith (D:11)
  An ice devil (Depths:2)
  A yaktaur skeleton (Vaults:3)
  A rime drake (shapeshifter) (Vaults:5)
  52 yaktaurs
  10 trolls
  An ancient zyme (Abyss:3)
  A polar bear (shapeshifter) (Elf:2)
  A shadow dragon simulacrum (Depths:3)
  7 wind drakes
  23 blink frogs
  4 tyrant leeches (Lair:6)
  28 merfolk
  6 hornets
  Prince Ribbit (D:6)
  75 saltlings (Desolation)
  An elf zombie (Vaults:5)
  12 polar bears
  10 snapping turtles
  Grinder (D:4)
  A blink frog (shapeshifter) (Vaults:4)
  43 slime creatures
  6 dream sheep (Shoals:1)
  A spriggan zombie (Depths:1)
  4 spriggans
  2 elf skeletons
  2 ettin skeletons
  17 water elementals
  A centaur simulacrum (D:15)
  A deep troll skeleton (Vaults:3)
  A wraith (D:10)
  3 air elementals
  A yak (shapeshifter) (D:13)
  2 vampires (D:10)
  2 ynoxinuls (Depths:2)
  36 yaks
  2 wyverns
  2 basilisks
  A fire elemental (Elf:1)
  A golden eye (shapeshifter) (Depths:2)
  3 chaos spawn (Depths:2)
  A small abomination (Abyss:3)
  2 steam dragons (D:10)
  9 vampire mosquitoes
  Edmund (D:4)
  5 wargs
  A harpy simulacrum (D:15)
  The ghost of timneilson the Shield-Bearer, an amateur GrFi (D:4)
  An acid dragon (D:10)
  12 water moccasins
  49 nagas
  A floating eye (Depths:2)
  A floating eye (shapeshifter) (Vaults:5)
  2 sky beasts
  31 orc warriors
  A necrophage (D:4)
  8 black bears
  2 ice beasts
  A hornet zombie (D:8)
  37 ogres
  14 wolves
  10 centaurs
  A boggart (Vaults:2)
  2 phantoms
  5 kobold brigands
  21 bullfrogs
  2 scorpions
  An earth elemental (Elf:2)
  A water moccasin zombie (D:6)
  A wyvern skeleton (D:6)
  A water moccasin skeleton (D:6)
  A hornet simulacrum (D:15)
  A human simulacrum (Vaults:5)
  3 killer bees (D:8)
  8 wights
  9 electric eels
  5 howler monkeys
  A crimson imp (D:7)
  A lava snake (Snake:3)
  8 centaur zombies
  7 jellies
  3 centaur skeletons
  A bullfrog skeleton (D:5)
  A hound (D:6)
  17 orc priests
  A gnoll shaman (D:8)
  A hell rat (Lair:5)
  3 iguanas
  22 orc wizards
  A scorpion zombie (D:5)
  2 killer bee zombies
  2 hound skeletons
  8 mummies (Ossuary)
  A howler monkey zombie (D:10)
  14 gnolls
  A howler monkey skeleton (D:7)
  5 adders
  2 shadow imps
  3 white imps
  An ufetubus (D:5)
  5 worms
  2 dart slugs (D:2)
  65 orcs
  4 ball pythons
  14 bats
  13 endoplasms
  6 giant cockroaches
  2 gnoll zombies (Ossuary)
  2 goblins
  6 hobgoblins
  13 jackals
  3 quokkas
  2 frilled lizards (D:1)
  2 goblin zombies (D:7)
  2 hobgoblin zombies
  20 kobolds
  3 kobold skeletons (D:7)
  4 kobold zombies
  4 orc zombies
  4 rats
2058 creatures vanquished.

Vanquished Creatures (others)
  A fire giant (Depths:2)
  A guardian serpent (Desolation)
  An air elemental (Elf:1)
  A howler monkey (D:10)
  A worm (shapeshifter) (Depths:2)
  A butterfly (Lair:5)
  27 fungi
  126 plants
  6 starspawn tentacles
  2 withered plants (Elf:1)
167 creatures vanquished.

Grand Total: 2225 creatures vanquished

Notes
Turn   | Place    | Note
-------+----------+-------------------------------------------
     0 | D:1      | siradein the Demonspawn Fighter began the quest for the
                  | Orb.
     0 | D:1      | Reached XP level 1. HP: 18/18 MP: 1/1
    15 | D:1      | Found a faded altar of an unknown god.
   192 | D:1      | Gained mutation: You have a pair of small horns on your
                  | head. [demonic ancestry]
   192 | D:1      | Reached XP level 2. HP: 21/24 MP: 2/2
  1158 | D:2      | Reached XP level 3. HP: 18/29 MP: 3/3
  1809 | D:2      | Gained mutation: You are partially covered in sharp spines.
                  | [demonic ancestry]
  1809 | D:2      | Reached XP level 4. HP: 8/35 MP: 4/4
  2286 | D:2      | Noticed a black bear
  2395 | D:2      | Killed a black bear
  2396 | D:2      | Gained mutation: You are partially covered in thin metallic
                  | scales. (AC +2) [demonic ancestry]
  2396 | D:2      | Reached XP level 5. HP: 17/42 MP: 5/5
  3042 | D:3      | Found a glowing drain.
  3066 | Sewer    | Entered a sewer
  4133 | D:4      | Found a staircase to the Ecumenical Temple.
  4140 | Temple   | Entered the Ecumenical Temple
  4152 | Temple   | Became a worshipper of Warmaster Okawaru
  4201 | D:4      | Noticed a necrophage
  4209 | D:4      | Killed a necrophage
  4210 | D:4      | Reached skill level 1 in Invocations
  4210 | D:4      | Reached XP level 6. HP: 46/48 MP: 6/6
  4223 | D:4      | Found Muelijo's Antique Armour Boutique.
  4489 | D:4      | Found a runed translucent door.
  4489 | D:4      | Noticed timneilson's ghost (amateur GrFi)
  4491 | D:4      | Noticed Edmund
  4509 | D:4      | Killed Edmund
  4510 | D:4      | Reached skill level 2 in Invocations
  4612 | D:4      | Reached * piety under Okawaru
  4613 | D:4      | Gained mutation: You have a pair of horns on your head.
                  | [demonic ancestry]
  4613 | D:4      | Reached XP level 7. HP: 34/55 MP: 8/8
  4921 | D:4      | Noticed Grinder
  4938 | D:4      | Killed Grinder
  4939 | D:4      | Reached skill level 5 in Fighting
  4939 | D:4      | Reached skill level 3 in Invocations
  5377 | D:5      | Entered Level 5 of the Dungeon
  5728 | D:5      | Reached XP level 8. HP: 48/62 MP: 10/10
  5819 | D:5      | Reached skill level 4 in Invocations
  5949 | D:5      | Reached ** piety under Okawaru
  5950 | D:5      | Reached skill level 5 in Armour
  5950 | D:5      | Reached skill level 5 in Shields
  6502 | D:5      | Reached skill level 5 in Invocations
  6624 | D:5      | Reached skill level 5 in Long Blades
  7267 | D:6      | Reached XP level 9. HP: 66/69 MP: 13/13
  7314 | D:6      | Reached *** piety under Okawaru
  7438 | D:6      | Noticed Prince Ribbit
  7466 | D:6      | Reached skill level 6 in Invocations
  7488 | D:6      | Killed Prince Ribbit
  8570 | D:4      | Bought a brightly glowing scale mail for 288 gold pieces
  8570 | D:4      | Identified the +1 scale mail of Oblivion {Rampage Will-
                  | rCorr Str-3} (You bought it in a shop on level 4 of the
                  | Dungeon)
  9584 | D:8      | Reached **** piety under Okawaru
  9585 | D:8      | Reached skill level 7 in Invocations
  9897 | D:8      | Found a sand-covered staircase.
  9902 | Ossuary  | Entered an ossuary
 10456 | D:4      | Bought a pair of embroidered boots for 240 gold pieces
 10634 | D:8      | Noticed Pikel
 10647 | D:8      | Paralysed by Pikel for 4 turns
 10654 | D:8      | Killed Pikel
 10654 | D:8      | Received a gift from Okawaru
 10655 | D:8      | Gained mutation: You are mostly covered in sharp spines.
                  | [demonic ancestry]
 10655 | D:8      | Reached XP level 10. HP: 74/79 MP: 15/15
 10934 | D:8      | Found Ulinwe's Weapon Shoppe.
 11147 | D:8      | Reached ***** piety under Okawaru
 11308 | D:9      | Noticed a two-headed ogre
 11330 | D:9      | Killed a two-headed ogre
 11330 | D:9      | Identified the +4 scale mail of the Sun {Dex+3} (Okawaru
                  | gifted it to you on level 9 of the Dungeon)
 11330 | D:9      | Received a gift from Okawaru
 11331 | D:9      | Reached skill level 8 in Invocations
 11972 | D:9      | Identified the +0 cloak of Inaction {rN+ Int+3 Slay+2}
 12160 | D:10     | Entered Level 10 of the Dungeon
 12329 | D:10     | HP: 4/120 [something (4)]
 12887 | D:10     | Reached skill level 9 in Invocations
 13295 | D:10     | Reached XP level 11. HP: 83/87 MP: 16/18
 13422 | D:4      | Killed timneilson's ghost
 13944 | D:11     | Found a staircase to the Lair.
 15029 | D:11     | Reached ****** piety under Okawaru
 15209 | D:11     | Reached skill level 10 in Invocations
 15503 | D:11     | Found a staircase to the Orcish Mines.
 16006 | D:11     | Received a gift from Okawaru
 16097 | Lair:1   | Entered Level 1 of the Lair of Beasts
 16122 | Lair:1   | Received a gift from Okawaru
 16977 | Lair:1   | Gained mutation: Your demonic aura sometimes causes spilled
                  | blood to erupt in flames. [demonic ancestry]
 16977 | Lair:1   | Reached XP level 12. HP: 43/96 MP: 20/20
 17226 | Lair:1   | Reached skill level 11 in Invocations
 17268 | Lair:1   | Reached skill level 1 in Evocations
 18261 | Lair:2   | Acquired a +6 vampiric demon blade
 18363 | Lair:2   | Received a gift from Okawaru
 19203 | Lair:3   | Reached skill level 10 in Fighting
 19532 | Lair:3   | Identified the +6 scimitar of Okawaru's Pride {flame,
                  | Stlth+} (Okawaru gifted it to you on level 3 of the Lair of
                  | Beasts)
 19532 | Lair:3   | Received a gift from Okawaru
 19961 | Lair:4   | Reached skill level 12 in Invocations
 20107 | Lair:4   | Found a staircase to the Snake Pit.
 20206 | Lair:4   | Noticed a five-headed hydra
 20215 | Lair:4   | Killed a one-headed hydra
 20535 | Lair:4   | Received a gift from Okawaru
 20536 | Lair:4   | Reached XP level 13. HP: 104/104 MP: 20/22
 21177 | Lair:5   | Found a staircase to the Slime Pits.
 21302 | Lair:5   | Identified the ring of Satov {Str+2 Int+6}
 21692 | Lair:5   | Found a transporter.
 21697 | Lair:5   | Noticed Plazmod's ghost (journeyman DECj)
 21722 | Lair:5   | Found a transporter.
 21968 | Lair:6   | Entered Level 6 of the Lair of Beasts
 22185 | Lair:5   | Received a gift from Okawaru
 22351 | Lair:5   | Reached skill level 5 in Evocations
 22388 | Lair:6   | Reached skill level 10 in Armour
 22388 | Lair:6   | Reached skill level 10 in Shields
 22603 | Lair:6   | Reached skill level 13 in Invocations
 22933 | Lair:6   | Identified the +1 robe of Grace {rF+}
 23013 | Lair:5   | Reached skill level 10 in Long Blades
 23431 | Lair:6   | Identified the -4 kite shield "Fakun" {*Slow rPois MP+9
                  | Stlth-} (Okawaru gifted it to you on level 6 of the Lair of
                  | Beasts)
 23431 | Lair:6   | Received a gift from Okawaru
 23519 | Lair:6   | Found a runed translucent gate.
 23520 | Lair:6   | Found a runed translucent gate.
 23520 | Lair:6   | Noticed Toseom's ghost (journeyman DjCj)
 23521 | Lair:6   | Found a runed translucent gate.
 24368 | Orc:1    | Entered Level 1 of the Orcish Mines
 24653 | Orc:2    | Entered Level 2 of the Orcish Mines
 24671 | Orc:1    | Gained mutation: You are mostly covered in thin metallic
                  | scales. (AC +3) [demonic ancestry]
 24671 | Orc:1    | Reached XP level 14. HP: 94/113 MP: 24/24
 25552 | Orc:2    | Paralysed by something for 2 turns
 25572 | Orc:2    | Received a gift from Okawaru
 25588 | Orc:2    | Reached skill level 14 in Invocations
 25650 | Orc:2    | Found Zaekhlot's Antique Weapon Boutique.
 25650 | Orc:2    | Found Woum's General Store.
 25651 | Orc:2    | Found Plog's Armour Shoppe.
 25651 | Orc:2    | Found Igeame's Antique Armour Shop.
 25719 | Orc:2    | Bought a +1 pair of gloves of strength for 231 gold pieces
 25749 | Orc:2    | Paralysed by an ogre mage for 7 turns
 25833 | Orc:2    | Found a staircase to the Elven Halls.
 26741 | Orc:1    | Noticed Harold
 26750 | Orc:1    | Killed Harold
 27392 | D:12     | Found Nupsoq's Assorted Antiques.
 27400 | D:12     | Bought a scroll of identify for 46 gold pieces
 27400 | D:12     | Bought a scroll of identify for 46 gold pieces
 28794 | Lair:5   | Killed Plazmod's ghost
 29324 | D:13     | Received a gift from Okawaru
 29875 | D:13     | Gained mutation: You are completely covered in sharp
                  | spines. [demonic ancestry]
 29875 | D:13     | Reached XP level 15. HP: 120/120 MP: 26/26
 30294 | Lair:6   | Killed Toseom's ghost
 30724 | D:14     | Reached skill level 15 in Invocations
 30788 | D:14     | Found a gate to the Vaults.
 31011 | D:14     | Received a gift from Okawaru
 31086 | D:15     | Entered Level 15 of the Dungeon
 31774 | D:15     | Found a staircase to the Depths.
 32884 | Lair:4   | Found a staircase to the Shoals.
 32976 | Shoals:1 | Entered Level 1 of the Shoals
 33123 | Shoals:1 | Received a gift from Okawaru
 33239 | Shoals:1 | Identified the ring of Saycwuirgh {Fly Will- rCorr Str+4}
 34635 | Snake:1  | Entered Level 1 of the Snake Pit
 34653 | Snake:1  | Received a gift from Okawaru
 35091 | Snake:1  | Found Ciom Rurch's Book Boutique.
 35125 | Snake:1  | Learned a level 1 spell: Apportation
 35156 | Snake:1  | Learned a level 2 spell: Wereblood
 35525 | Snake:1  | Gained mutation: You are completely covered in thin
                  | metallic scales. (AC +4, rElec) [demonic ancestry]
 35525 | Snake:1  | Reached XP level 16. HP: 126/130 MP: 27/27
 35595 | Snake:1  | Noticed Jorgrun
 35611 | Snake:1  | Killed Jorgrun
 35611 | Snake:1  | Identified the +6 chain mail of Fanaticism {Slay+2 SInv}
                  | (Okawaru gifted it to you on level 1 of the Snake Pit)
 35611 | Snake:1  | Received a gift from Okawaru
 35612 | Snake:1  | Reached skill level 16 in Invocations
 37604 | Snake:2  | Found Lempilo's Antique Weapon Shoppe.
 37604 | Snake:2  | Found Epoality's General Store.
 37605 | Snake:2  | Found Ewuoseofe's Weapon Shoppe.
 37612 | Snake:2  | Found Lofietsa's General Store.
 37623 | Snake:2  | Bought a scroll of enchant armour for 97 gold pieces
 37623 | Snake:2  | Bought a scroll of enchant weapon for 97 gold pieces
 38164 | Snake:2  | Received a gift from Okawaru
 38665 | Snake:2  | Bought a transparent hand crossbow for 161 gold pieces
 38665 | Snake:2  | Identified the +12 hand crossbow of the Slashing Madman
                  | {venom, rF+ Int+6} (You bought it in a shop on level 2 of
                  | the Snake Pit)
 40729 | Snake:3  | Reached skill level 10 in Evocations
 40744 | Snake:3  | Identified the +2 scale mail of the Crypt {Harm Will+ SInv
                  | Stlth+} (Okawaru gifted it to you on level 3 of the Snake
                  | Pit)
 40744 | Snake:3  | Received a gift from Okawaru
 41168 | Snake:3  | Noticed Vashnia
 41207 | Snake:3  | Killed Vashnia
 41643 | Snake:3  | HP: 1/132 [salamander mystic/lance of force (20)]
 42509 | Snake:3  | Reached skill level 17 in Invocations
 42886 | Snake:3  | Gained mutation: Your magical and physical power is
                  | slightly enhanced at high health. [demonic ancestry]
 42886 | Snake:3  | Reached XP level 17. HP: 138/138 MP: 29/29
 43245 | Shoals:2 | Noticed Roxanne
 43285 | Shoals:2 | Killed Roxanne
 43689 | Shoals:2 | Received a gift from Okawaru
 43753 | Shoals:2 | Noticed Frances
 43776 | Shoals:1 | Killed Frances
 45070 | Arena    | Entered the Arena
 45132 | Shoals:3 | Noticed Mlioglotl
 45143 | Shoals:3 | Killed Mlioglotl
 45351 | Shoals:3 | Reached skill level 1 in Crossbows
 45429 | Arena    | Entered the Arena
 45530 | Shoals:3 | Noticed Mara
 45531 | Shoals:3 | Noticed siradein's illusion
 45665 | Shoals:3 | Identified the +0 animal skin of Vuqozergh {+Inv rPois
                  | Str+3} (Okawaru gifted it to you on level 3 of the Shoals)
 45665 | Shoals:3 | Received a gift from Okawaru
 45788 | Shoals:3 | Killed Mara
 46429 | Shoals:4 | Entered Level 4 of the Shoals
 46435 | Shoals:4 | Found a frozen archway.
 46506 | IceCv    | Entered an ice cave
 46580 | Arena    | Entered the Arena
 46620 | Arena    | Entered the Arena
 46928 | Arena    | Entered the Arena
 47270 | Arena    | Entered the Arena
 47343 | Arena    | Entered the Arena
 47528 | IceCv    | Reached skill level 18 in Invocations
 47562 | IceCv    | Gained mutation: You have a pair of large horns on your
                  | head. [demonic ancestry]
 47562 | IceCv    | Reached XP level 18. HP: 147/147 MP: 31/31
 47766 | Shoals:4 | Identified the +0 scale mail of Gimez {rElec Int+2 Dex+3}
                  | (Okawaru gifted it to you on level 4 of the Shoals)
 47766 | Shoals:4 | Received a gift from Okawaru
 47869 | Arena    | Entered the Arena
 48435 | Arena    | Entered the Arena
 49815 | Shoals:4 | HP: 6/148 [frost giant/bolt of cold (43)]
 50170 | Shoals:4 | Got a barnacled rune of Zot
 50997 | Snake:4  | Entered Level 4 of the Snake Pit
 51257 | Snake:4  | Noticed Aizul
 51272 | Snake:4  | Killed Aizul
 51308 | Snake:4  | Received a gift from Okawaru
 51543 | Snake:4  | Reached skill level 15 in Fighting
 51930 | Snake:4  | Received a gift from Okawaru
 52254 | Snake:4  | Reached skill level 5 in Crossbows
 52459 | Snake:4  | Got a serpentine rune of Zot
 53048 | Vaults:1 | Entered Level 1 of the Vaults
 53206 | Vaults:1 | Received a gift from Okawaru
 53207 | Vaults:1 | Reached XP level 19. HP: 155/155 MP: 32/32
 53289 | Vaults:1 | Found a huge runed gate.
 53289 | Vaults:1 | Found a huge runed gate.
 53289 | Vaults:1 | Found a huge runed gate.
 53289 | Vaults:1 | Found a huge runed gate.
 53289 | Vaults:1 | Found a huge runed gate.
 53289 | Vaults:1 | Found a huge runed gate.
 53289 | Vaults:1 | Found a huge runed gate.
 53290 | Vaults:1 | Found a huge runed gate.
 53290 | Vaults:1 | Found a huge runed gate.
 53290 | Vaults:1 | Found a huge runed gate.
 53294 | Vaults:1 | Found a huge runed gate.
 53294 | Vaults:1 | Found a huge runed gate.
 53294 | Vaults:1 | Found a huge runed gate.
 53294 | Vaults:1 | Found a huge runed gate.
 53294 | Vaults:1 | Found a huge runed gate.
 53294 | Vaults:1 | Found a huge runed gate.
 53295 | Vaults:1 | Found a huge runed gate.
 53315 | Arena    | Entered the Arena
 53613 | Arena    | Entered the Arena
 53666 | Vaults:1 | Reached skill level 19 in Invocations
 53682 | Arena    | Entered the Arena
 53722 | Arena    | Entered the Arena
 53789 | Vaults:1 | HP: 1/155 [fire giant/fireball (37)]
 53798 | Arena    | Entered the Arena
 55221 | Vaults:2 | Received a gift from Okawaru
 55261 | Vaults:2 | Cast into level 3 of the Abyss (a wizard)
 55315 | Abyss:3  | Noticed an ancient lich
 55338 | Vaults:2 | Escaped the Abyss
 55343 | Vaults:2 | HP: 5/155 [ironbound frostheart/creeping frost (26)]
 55399 | Vaults:2 | Noticed Boris
 55413 | Vaults:1 | Received a gift from Okawaru
 55618 | Orc:2    | Bought a potion of mutation for 112 gold pieces
 55618 | Orc:2    | Bought 2 scrolls of teleportation for 84 gold pieces
 55618 | Orc:2    | Gained mutation: You have large cloven feet. [potion of
                  | mutation]
 55618 | Orc:2    | Gained mutation: You are clumsy. (Dex -2) [potion of
                  | mutation]
 55618 | Orc:2    | Lost mutation: You are clumsy. (Dex -2) [potion of
                  | mutation]
 55618 | Orc:2    | Gained mutation: You are agile. (Dex +2) [potion of
                  | mutation]
 55868 | Snake:2  | Bought a scroll of blinking for 97 gold pieces
 55871 | Snake:2  | Bought a scroll of teleportation for 51 gold pieces
 55871 | Snake:2  | Bought a potion of curing for 51 gold pieces
 55871 | Snake:2  | Bought a potion of resistance for 170 gold pieces
 55871 | Snake:2  | Bought a wand of polymorph (8) for 170 gold pieces
 55871 | Snake:2  | Bought a potion of resistance for 170 gold pieces
 56947 | Vaults:1 | Received a gift from Okawaru
 57044 | Vaults:1 | Found a huge runed gate.
 57044 | Vaults:1 | Found a huge runed gate.
 57044 | Vaults:1 | Found a huge runed gate.
 57044 | Vaults:1 | Found a huge runed gate.
 57044 | Vaults:1 | Found a huge runed gate.
 57045 | Vaults:1 | Found a huge runed gate.
 57046 | Vaults:1 | Found a huge runed gate.
 57047 | Vaults:1 | Found a huge runed gate.
 57074 | Vaults:1 | Found a huge runed gate.
 57082 | Vaults:1 | Found a huge runed gate.
 57082 | Vaults:1 | Found a huge runed gate.
 57082 | Vaults:1 | Found a huge runed gate.
 57082 | Vaults:1 | Found a huge runed gate.
 57082 | Vaults:1 | Found a huge runed gate.
 57082 | Vaults:1 | Found a huge runed gate.
 57083 | Vaults:1 | Found a huge runed gate.
 57084 | Vaults:1 | Found a huge runed gate.
 57085 | Vaults:1 | Found a huge runed gate.
 57093 | Vaults:1 | Found a huge runed gate.
 57250 | Arena    | Entered the Arena
 57404 | Arena    | Entered the Arena
 57478 | Vaults:2 | Found a staircase to the Crypt.
 57523 | Arena    | Entered the Arena
 57586 | Vaults:2 | Got the Disquisition on Stones
 57802 | Vaults:2 | Killed Boris
 58345 | Vaults:2 | Found Gose's Armour Boutique.
 58460 | Vaults:2 | Bought the +5 kite shield of the Special Dances {rF++
                  | Int+3} for 904 gold pieces
 58929 | Vaults:3 | Gained mutation: Your demonic aura often causes spilled
                  | blood to erupt in flames. [demonic ancestry]
 58929 | Vaults:3 | Reached XP level 20. HP: 164/164 MP: 33/33
 59048 | Vaults:3 | Received a gift from Okawaru
 59314 | Vaults:3 | Reached skill level 20 in Invocations
 59477 | Vaults:3 | Reached skill level 15 in Shields
 59609 | Vaults:3 | Noticed Boris
 59627 | Vaults:3 | Killed Boris
 59722 | Vaults:3 | Reached skill level 15 in Armour
 60058 | Vaults:3 | Received a gift from Okawaru
 60474 | Vaults:4 | Found Utsoabiape's Magic Scroll Boutique.
 60495 | Vaults:4 | Bought a scroll of teleportation for 48 gold pieces
 60495 | Vaults:4 | Bought a scroll of teleportation for 48 gold pieces
 60495 | Vaults:4 | Bought a scroll of teleportation for 48 gold pieces
 60495 | Vaults:4 | Bought a scroll of teleportation for 48 gold pieces
 60495 | Vaults:4 | Bought a scroll of magic mapping for 56 gold pieces
 60585 | Vaults:4 | Found a crumbling gateway.
 60611 | Desolati | Entered the Desolation of Salt
 60675 | Arena    | Entered the Arena
 61051 | Desolati | Got the Grimoire of Weightlessness and Envenoming
 61191 | Desolati | Identified the +3 hand crossbow of Dissatisfaction {flame,
                  | rF++ Str+3} (Okawaru gifted it to you in the Desolation of
                  | Salt)
 61191 | Desolati | Received a gift from Okawaru
 61253 | Arena    | Entered the Arena
 61422 | Desolati | Identified the ring "Etsoerpha" {Fire MP+9 Str+4}
 61434 | Desolati | Identified the amulet "Juvy" {Reflect -Cast rC+ rN+ SH+5}
 61497 | Desolati | Found the +2 hat of the Bear Spirit {Spirit, *Rage Will++}
 61521 | Desolati | Got Ysueghop's Disquisition on Enchantment
 61559 | Desolati | Identified the ring "Fupoubap" {Fly Int+3 Dex+6}
 61589 | Desolati | Got the Disquisition on Warped Feathers
 61693 | Desolati | Identified the +1 plate armour "Inika" {rPois rC+}
 61701 | Desolati | Identified the ring of Vodka {rN+ Will+ MP+9 Stlth+}
 61831 | Desolati | Received a gift from Okawaru
 61930 | Desolati | Reached skill level 1 in Dodging
 61946 | Desolati | Got the Volume of Dark Poison
 62238 | Vaults:4 | Gained mutation: Your demonic aura causes all spilled blood
                  | to erupt in flames. [demonic ancestry]
 62238 | Vaults:4 | Reached XP level 21. HP: 173/173 MP: 35/35
 62605 | Vaults:4 | Bought a scroll of enchant armour for 120 gold pieces
 62677 | Vaults:4 | Identified the ring of Ecwahid {rF+ rN+ Will+ Str+5}
 62737 | Vaults:4 | Reached skill level 1 in Transmutations
 63046 | Vaults:4 | Reached skill level 21 in Invocations
 63071 | Vaults:4 | Received a gift from Okawaru
 63516 | Vaults:4 | Received a gift from Okawaru
 64279 | Elf:1    | Entered Level 1 of the Elven Halls
 64333 | Elf:1    | Paralysed by an air elemental for 1 turns
 64449 | Elf:1    | Found Ecoest's Armour Boutique.
 64645 | Elf:1    | Found a runed translucent gate.
 64645 | Elf:1    | Found a runed translucent gate.
 64645 | Elf:1    | Noticed Okuid's ghost (adept DsGl)
 64645 | Elf:1    | Noticed mandarbmax's ghost (adept DsGl)
 64646 | Elf:1    | Found a runed translucent gate.
 64646 | Elf:1    | Noticed rrossfarrar's ghost (adept FeBe)
 64646 | Elf:1    | Noticed Foybonoth's ghost (adept MiFi)
 64772 | Elf:1    | Received a gift from Okawaru
 64984 | Elf:1    | Noticed Asterion
 64986 | Arena    | Entered the Arena
 64993 | Arena    | Killed Asterion
 64994 | Arena    | Reached skill level 1 in Translocations
 65010 | Elf:1    | Reached skill level 1 in Spellcasting
 65025 | Elf:1    | Received a gift from Okawaru
 65491 | Elf:2    | Found Yczoise's Book Shop.
 65546 | Elf:2    | Received a gift from Okawaru
 65655 | Elf:2    | Found a huge runed translucent gate.
 65655 | Elf:2    | Found a huge runed translucent gate.
 65658 | Elf:2    | Found a huge runed translucent gate.
 65658 | Elf:2    | Found a huge runed translucent gate.
 65659 | Elf:2    | Found a huge runed translucent gate.
 66026 | Elf:2    | Upgraded the game from 0.28-a0-938-gbc3f381ebc to
                  | 0.28-a0-957-g42eb19b844
 66028 | Elf:2    | Identified the +12 hand crossbow "Dymaanen" {vorpal, rF+
                  | Str-2 SInv Stlth+} (Okawaru gifted it to you on level 2 of
                  | the Elven Halls)
 66028 | Elf:2    | Received a gift from Okawaru
 66100 | Elf:2    | Paralysed by an air elemental for 1 turns
 66890 | Elf:3    | Entered Level 3 of the Elven Halls
 66985 | Elf:3    | Paralysed by an air elemental for 1 turns
 67103 | Elf:3    | Received a gift from Okawaru
 67660 | Elf:3    | Gained mutation: Your magical and physical power is
                  | enhanced at high health. [demonic ancestry]
 67660 | Elf:3    | Reached XP level 22. HP: 182/182 MP: 36/36
 67745 | Elf:3    | Reached skill level 15 in Evocations
 67903 | Elf:3    | Acquired 786 gold pieces
 68200 | Elf:3    | Identified the +2 halberd "Ymubroloun" {vamp, rC+ Int+2}
 68212 | Arena    | Entered the Arena
 68414 | Elf:3    | Found the +9 staff of Wucad Mu {*channel}
 68439 | Elf:3    | Identified the -4 kite shield "Fuaxzick" {Contam Harm rN+}
 68440 | Elf:3    | Identified the +7 battleaxe "Vusisok" {freeze, rElec rF-
                  | Will++ SInv}
 68496 | Elf:3    | Identified the +5 scythe "Nesotef" {drain, Dex+4}
 68860 | Depths:1 | Entered Level 1 of the Depths
 69056 | Depths:1 | Found a gateway to Hell.
 69475 | Depths:1 | Identified the +7 hand crossbow "Nizxoscho" {elec, rF+
                  | rCorr Dex+4 Stlth-} (Okawaru gifted it to you on level 1 of
                  | the Depths)
 69475 | Depths:1 | Received a gift from Okawaru
 69482 | Depths:1 | Reached skill level 10 in Crossbows
 70403 | Depths:1 | Found Dyox's Jewellery Shop.
 70415 | Depths:1 | Reached skill level 5 in Dodging
 70430 | Depths:1 | Bought the ring "Ituchounyi" {rC+ EV+4} for 1050 gold
                  | pieces
 70703 | Depths:1 | Found an ancient bone altar of Kikubaaqudgha.
 70844 | Depths:2 | Found a gateway to a ziggurat.
 70893 | Depths:2 | Found a one-way gate to the infinite horrors of the Abyss.
 71029 | Depths:2 | Identified the +0 plate armour of the Game of Life {rElec
                  | rN+ Str+3 Int-3}
 71125 | Depths:2 | Received a gift from Okawaru
 71226 | Depths:2 | Noticed the Enchantress
 71241 | Depths:2 | Killed the Enchantress
 71300 | Depths:2 | Received a gift from Okawaru
 71324 | Depths:2 | Found Qanifu's Jewellery Shop.
 71338 | Depths:2 | Reached skill level 5 in Transmutations
 71400 | Depths:2 | Found Boehuopn's Book Emporium.
 71401 | Depths:2 | Found Ybias's Jewellery Shop.
 72243 | Depths:2 | Noticed a juggernaut
 72266 | Depths:2 | Killed a juggernaut
 72349 | Depths:2 | Identified the +8 hand crossbow "Bemil" {speed, Fragile
                  | rPois rN++ Dex+3} (Okawaru gifted it to you on level 2 of
                  | the Depths)
 72349 | Depths:2 | Received a gift from Okawaru
 72361 | Depths:2 | Reached skill level 22 in Invocations
 72855 | Depths:2 | Found a one-way gate leading to the halls of Pandemonium.
 72952 | Depths:3 | Reached XP level 23. HP: 182/189 MP: 38/38
 73032 | Depths:3 | Reached skill level 5 in Spellcasting
 73103 | Depths:3 | Reached skill level 5 in Translocations
 73162 | Depths:3 | Received a gift from Okawaru
 73428 | Depths:3 | Found a runed translucent door.
 73428 | Depths:3 | Noticed frimble's ghost (adept TrWr)
 73764 | Depths:3 | Killed frimble's ghost
 74409 | Depths:4 | Entered Level 4 of the Depths
 74519 | Depths:4 | Found a runed translucent door.
 74899 | Depths:4 | Received a gift from Okawaru
 74930 | Depths:4 | Found a gate to the Realm of Zot.
 74947 | Depths:4 | Received a gift from Okawaru
 75711 | Depths:4 | Identified the +9 great sword "Dybihaor" {antimagic, rCorr
                  | Str+4 Dex-4 Stlth+} (Okawaru gifted it to you on level 4 of
                  | the Depths)
 75711 | Depths:4 | Received a gift from Okawaru
 76389 | Vaults:5 | Entered Level 5 of the Vaults
 76402 | Vaults:5 | Paralysed by a floating eye for 4 turns
 76752 | Vaults:5 | Received a gift from Okawaru
 76775 | Vaults:5 | Noticed a dread lich
 76786 | Vaults:4 | Reached skill level 23 in Invocations
 76934 | Vaults:4 | Killed a dread lich
 77056 | Vaults:5 | Upgraded the game from 0.28-a0-957-g42eb19b844 to
                  | 0.28-a0-973-ga7f8b01127
 77112 | Vaults:5 | Received a gift from Okawaru
 77112 | Vaults:5 | Found the +0 pair of fencer's gloves {Riposte Dex+3}
 77113 | Vaults:5 | Reached XP level 24. HP: 183/195 MP: 38/38
 78421 | Vaults:5 | Got a silver rune of Zot
 78448 | Vaults:5 | Got Hiluxetu's Handbook of the Compass and Confrontation
 78504 | Vaults:5 | Identified the +5 hunting sling "Giantslayer" {venom, rElec
                  | rC+ Dex-4}
 79637 | D:12     | Bought a potion of heal wounds for 115 gold pieces
 79838 | Zot:1    | Entered Level 1 of the Realm of Zot
 80343 | Zot:1    | Received a gift from Okawaru
 80671 | Zot:1    | HP: 9/199 [green draconian monk (1)]
 80672 | Zot:1    | Slain by a green draconian monk

Illustrated notes

Levels and vault maps discovered:
D:1:      wander_arrival_lonely_grave, layout_loops_ring,
          dreamdust_ecumenical_altar_statues
D:2:      layout_basic, serial_co_window_serial, co_window_paths_a,
          co_window_of_opportunity_a, co_window_of_opportunity_a,
          co_window_corner_a, co_window_corner_a, co_window_corner_a,
          co_window_paths_a, co_window_corner_a, co_window_paths_a,
          co_window_unsneaky_path_c, co_window_unsneaky_path_c,
          co_window_broadway_c, co_window_broadway_b, co_window_cross_2,
          glass_columns_a, glass_columns_a, glass_columns_a, glass_columns_a
D:3:      layout_loops_corners, gup_sewer_entry_glass
D:4:      layout_loops_ring, minmay_temple_entry_statues_fountains,
          hellmonk_ghost_happy_afterlife, serial_shops, shop, uniq_grinder,
          uniq_edmund
D:5:      minmay_recursive_quarters, layout_basic
D:6:      layout_cave_pods, uniq_prince_ribbit1
D:7:      minmay_angry_zag, layout_layer_cave, nicolae_tso_besieged_by_evil
D:8:      layout_basic, enter_ossuary_5, serial_shops, shop, uniq_pikel
D:9:      layout_roguey, small_statue_intersection
D:10:     wad_woods_structure_01, layout_cross, st_stairs_5
D:11:     layout_basic, lair_entry_dummy, erik_orc_2
D:12:     layout_basic, serial_shops, nicolae_shop_overgrown_old_shop
D:13:     layout_basic
D:14:     layout_rooms, erik_vaults_1
D:15:     grunt_enter_depths_magical_seal, layout_gridville,
          hangedman_decor_growths, hangedman_abyss_or_decor_clamps
Temple:   mainiacjoe_temple_circle_huts
Lair:1:   layout_long_grid, minmay_holes, beast_lair_carwin_5
Lair:2:   layout_cave_pods
Lair:3:   layout_roguey
Lair:4:   layout_small_grid, minmay_shoals_entry_hut,
          minmay_snake_entry_guardpost_small, chequers_serial_rivers_micro_a
Lair:5:   layout_cave_pods, nicolae_slime_entry_slimehenge,
          gammafunk_ghost_berserking_beasts, minmay_hedge_maze,
          serial_bayou_shore_a, lemuel_fruit_fields
Lair:6:   minmay_lair_end_frog_pond, layout_regular_city,
          gammafunk_ghost_hydra_chop
Shoals:1: layout_shoals, nicolae_shoals_lost_giant_baths
Shoals:2: layout_shoals, uniq_roxanne, uniq_frances
Shoals:3: layout_shoals, uniq_mlioglotl, uniq_mara
Shoals:4: shoals_end_grunt_ice, layout_shoals, portal_ice_cave_entry_pillars_1
Snake:1:  layout_onion_interference, serial_shops, shop_fountains, drop_trap,
          grunt_megastairs_5, uniq_jorgrun
Snake:2:  layout_grid_maze, special_room, minmay_shoptagon, grunt_megastairs_2,
          serial_bayou_shore_b
Snake:3:  layout_onion_interference, drop_trap, nicolae_snake_shapes,
          uniq_vashnia
Snake:4:  grunt_snake_rune_pools, layout_cave_town, abandoned_shop, uniq_aizul
Orc:1:    layout_caves, uniq_harold
Orc:2:    st_orc_ogre_mass, layout_caves, basic_altar, special_room
Elf:1:    layout_geoelf_diagonals, serial_shops, nicolae_shop_trees,
          gammafunk_ghost_cemetery, minivault_28, grunt_megastairs_3,
          uniq_asterion
Elf:2:    elven_hall_of_blades_hangedman_alternative [nicolae_blade_tridents],
          layout_loops_corners, serial_shops, shop, grunt_megastairs_4
Elf:3:    minmay_elf_hall_curves, layout_onion_city
Vaults:1: door_vault, nicolae_vaults_hallways_thing,
          hangedman_vaults_corner_blocks, vaults_mumra_minichess,
          vaults_mumra_hex, nicolae_vaults_little_squares_6,
          vaults_room_semicircle, grunt_vaults_bifocal, v_misc_25,
          nicolae_vaults_shelves_hall, layout_vaults_omnicross
Vaults:2: st_eye, vaults_room_hallway, vaults_mumra_chevron_long,
          nicolae_vaults_gold_heap, minmay_crypt_entry_simple_sparse,
          nicolae_vaults_what_the_h, v_pattern_4, grunt_vaults_focal,
          dpeg_vaults_monster_box, nicolae_vaults_ninety_degrees,
          hangedman_vaults_maws, vaults_room_pool,
          nicolae_vaults_sealed_display, layout_vaults_ring, serial_shops, shop,
          uniq_boris
Vaults:3: vaults_room_door_ring, v_misc_10, v_misc_3, vaults_room_hallway,
          ontoclasm_vaults_chip, hangedman_vaults_nails, vaults_room_hallway,
          nicolae_vaults_ring_of_whatevers, nicolae_vaults_mini_display_case,
          vaults_room_pool, layout_vaults_omnigrid
Vaults:4: portal_desolation_entry_twin_temple, ontoclasm_vaults_fault,
          vaults_dpeg_ring, v_rooms_1, v_misc_14,
          nicolae_vaults_little_squares_3, ontoclasm_vaults_twist,
          hangedman_vaults_restitches, nicolae_vaults_circle_grid_a, st_lattice,
          layout_vaults_chaotic_city, serial_shops, shop
Vaults:5: serial_shops
Depths:1: layout_gridlike, chequers_hall_statues_wall_a,
          pf_dread_powers_of_hell, serial_shops,
          nicolae_shop_temple_entry_statues_fountains,
          lemuel_zombie_altar_kikubaaqudgha
Depths:2: minmay_the_grid_octo_triangle [minmay_the_grid_octo_pinwheel,
          minmay_the_grid_octo_prize_star, minmay_the_grid_octo_clover_2],
          layout_cave_shapes, enter_ziggurat_a, grunt_pan_entry_in_and_out,
          abyss_entry, hell_entry, small_statue_intersection, minivault_15,
          infiniplex_staircase_pillars_1, minmay_shop_grove, uniq_enchantress
Depths:3: lemuel_flame_loot_2, layout_small_grid, grunt_metal_band,
          abyss_entry_glasseish, pan_entry, ebering_ghost_inner_flame
Depths:4: grunt_zot_entry_funnels, layout_gridville, hell_entry,
          minmay_strange_pillars, minmay_acid_items
Zot:1:    layout_gridlike

Skill      XL: |  1  2  3  4  5  6  7  8  9 10 11 12 13 14 15 16 17 18 19 20 21 22 23 24 |
---------------+-------------------------------------------------------------------------+-----
Long Blades    | 2 3 4 5 6 7 8 9 10 11 12 13 14 | 14.0
Shields        | 3 4 5 6 7 8 9 10 11 12 13 14 15 16 17 | 17.1
Armour         | 3 4 5 6 7 8 9 10 11 12 13 14 15 16 17 | 17.5
Fighting       | 4 5 6 7 8 9 10 11 12 13 14 15 16 17 18 | 18.5
Invocations    | 1 2 3 5 7 9 10 12 13 14 15 17 18 19 20 21 22 23 | 23.7
Evocations     | 4 6 7 9 10 11 12 13 14 15 16 | 16.4
Crossbows      | 3 5 7 8 9 10 | 10.0
Dodging        | 1 4 5 7 |  7.9
Transmutations | 3 5 7 |  7.7
Translocations | 2 4 6 7 |  7.2
Spellcasting   | 2 4 6 7 |  7.3

Action                   |  1- 3 |  4- 6 |  7- 9 | 10-12 | 13-15 | 16-18 | 19-21 | 22-24 || total
-------------------------+-------+-------+-------+-------+-------+-------+-------+-------++-------
Melee: Long sword        |   112 |   112 |   324 |   424 |       |       |       |       ||   972
       Headbutt          |    18 |    27 |    68 |   134 |   327 |   415 |   550 |   485 ||  2024
       Flail             |       |     5 |       |       |       |       |       |       ||     5
       Demon blade       |       |       |       |   141 |  1064 |  1318 |  1476 |  1107 ||  5106
       Scimitar          |       |       |       |     4 |    15 |     2 |    13 |       ||    34
       Double sword      |       |       |       |       |       |       |     9 |       ||     9
 Fire: Hand crossbow     |       |       |       |       |       |       |    48 |   110 ||   158
Throw: Throwing net      |       |     1 |       |       |       |       |       |       ||     1
       Dart              |       |       |       |    15 |     4 |     1 |       |       ||    20
Invok: Heroism           |       |       |       |     1 |     2 |     3 |     3 |     1 ||    10
       Duel              |       |       |       |       |       |     9 |    11 |     1 ||    21
       Finesse           |       |       |       |       |       |       |     3 |     4 ||     7
Evoke: Wand              |       |       |       |     2 |       |       |     1 |       ||     3
  Use: Potion            |     1 |     2 |     1 |     4 |     1 |     2 |     6 |     2 ||    19
       Scroll            |       |     6 |    10 |     7 |    13 |     5 |     8 |    17 ||    66
Armor: Scale mail        |    47 |    57 |    40 |   301 |   224 |       |       |       ||   669
       Chain mail        |       |       |   116 |    17 |       |   516 |   340 |   223 ||  1212
       Crystal plate arm |       |       |       |       |   248 |    13 |       |       ||   261
Dodge: Dodged            |    64 |    54 |    85 |   191 |   221 |   379 |   266 |   238 ||  1498
Block: Buckler           |    29 |    29 |    86 |   104 |       |    15 |       |       ||   263
       Kite shield       |       |       |       |   131 |   680 |   591 |   745 |   574 ||  2721
       Rpst.: Demon blade |       |       |       |       |       |       |       |    11 ||    11

Table legend: (Time is in decaauts)
 A = Elapsed time spent in this place.
 B = Non-inter-level travel time spent in this place.
 C = Inter-level travel time spent in this place.
 D = Time resting spent in this place.
 E = Time spent auto-exploring this place.
 F = Levels seen in this place.
 G = Mean time per level.
                   A        B        C        D        E       F      G
               +--------+--------+--------+--------+--------+-----+--------+
         Total |  79531 |  69973 |   9558 |  11851 |  43281 |  71 | 1120.2 |
       Dungeon |  21940 |  18083 |   3857 |   1946 |  12448 |  15 | 1462.7 |
        Temple |     40 |     40 |      0 |      0 |      5 |   1 |   40.0 |
          Lair |  10952 |   9048 |   1904 |    760 |   6317 |   6 | 1825.3 |
        Shoals |   7607 |   7440 |    167 |   2148 |   4012 |   4 | 1901.8 |
     Snake Pit |   8839 |   7724 |   1115 |   1328 |   4991 |   4 | 2209.8 |
  Orcish Mines |   2902 |   2569 |    333 |    784 |   1077 |   2 | 1451.0 |
   Elven Halls |   4670 |   4004 |    666 |    122 |   3149 |   3 | 1556.7 |
        Vaults |  11436 |  10296 |   1140 |   2729 |   5393 |   5 | 2287.2 |
        Depths |   6482 |   6110 |    372 |   1208 |   3544 |   4 | 1620.5 |
           Zot |    341 |    341 |      0 |    100 |    168 |   1 |  341.0 |
         Abyss |     74 |     74 |      0 |      2 |      9 |   1 |   74.0 |
         Sewer |    775 |    775 |      0 |      0 |    494 |   1 |  775.0 |
       Ossuary |    411 |    411 |      0 |      0 |    299 |   1 |  411.0 |
      Ice Cave |   1014 |   1014 |      0 |    241 |    505 |   1 | 1014.0 |
    Desolation |   1438 |   1438 |      0 |     24 |    844 |   1 | 1438.0 |
         Arena |    605 |    605 |      0 |    455 |     24 |  21 |   28.8 |
               +--------+--------+--------+--------+--------+-----+--------+

Top non-repeatable levels by time:
    D:11: 3366 daAuts
Vaults:2: 2958 daAuts
Vaults:4: 2878 daAuts
 Snake:2: 2742 daAuts
  Lair:5: 2624 daAuts
Shoals:3: 2522 daAuts
 Snake:1: 2298 daAuts
Vaults:1: 2281 daAuts
 Snake:3: 2210 daAuts
  Lair:6: 2120 daAuts
Shoals:1: 2098 daAuts
Depths:2: 2069 daAuts
  Lair:1: 2062 daAuts
Depths:4: 1947 daAuts
   Elf:3: 1845 daAuts
